 Dungeon Crawl Stone Soup version 0.28.0-47-ge53b351184 (webtiles) character file.

Game seed: 10441852225567488319

2150 croobank the Covert (level 9, -3/72 (74) HPs)
             Began as a Gnoll Delver on May 2, 2022.
             Was an Initiate of Gozag.
             Succumbed to a cane toad's poison
             ... on level 1 of the Lair of Beasts.
             The game lasted 00:31:32 (9058 turns).

croobank the Covert (Gnoll Delver)                  Turns: 9058, Time: 00:31:32

HP:   -3/72 (74)    AC: 15    Str: 14    XL:     9   Next: 31%
MP:   15/15         EV:  8    Int: 12    God:    Gozag
Gold: 485           SH:  0    Dex: 13    Spells: 15/16 levels left

rFire   . . .      SeeInvis .   y - +6 club
rCold   . . .      Faith    .   (no shield)
rNeg    . . .      Spirit   .   p - +0 chain mail
rPois   .          Reflect  .   t - +1 helmet
rElec   .          Harm     .   D - scarf {repulsion}
rCorr   .          Rampage  .   (no gloves)
Will    .....                   (no boots)
Stlth   +.........              h - amulet of magic regeneration
HPRegen 0.22/turn               c - +4 ring of protection
MPRegen 0.54/turn               H - ring of flight

@: mighty, lethally poisoned (-3 -> -46), flying, lightly drained, repel
missiles
A: fangs 1, strong nose, distributed training
a: Renounce Religion, Potion Petition, Call Merchant, Bribe Branch


You were on level 1 of the Lair of Beasts.
You worshipped Gozag.
Gozag was aware of your devotion.
You visited 3 branches of the dungeon, and saw 10 of its levels.

You collected 555 gold pieces.
You paid 70 gold pieces to Gozag.

Inventory:

Hand Weapons
 a - a +0 hand axe
 d - a +2 rapier of chaos
 f - a +0 hunting sling
 i - a +0 dagger of chaos
 m - a +0 whip of chaos
 n - a +0 short sword of venom
 r - a +4 long sword
 y - a +6 club (weapon)
 z - a +1 vampiric whip
 F - a +4 spear
 G - a +0 vorpal war axe
 J - a +4 long sword
Missiles
 e - 6 poisoned darts
 j - 49 sling bullets
 l - 3 boomerangs
 o - 2 throwing nets (quivered)
 q - 58 arrows
 s - 202 stones
 u - 35 bolts
Armour
 b - a +0 leather armour
 k - a +0 ring mail
 p - a +0 chain mail (worn)
 t - a +1 helmet (worn)
 D - a scarf of repulsion (worn)
Magical Staves
 v - a staff of poison
Jewellery
 c - a +4 ring of protection (left hand)
 h - an amulet of magic regeneration (around neck)
 H - a ring of flight (right hand)
Wands
 g - a wand of digging (3)
 A - a wand of flame (11)
Potions
 w - a potion of cancellation
 x - 2 potions of brilliance


   Skills:
 + Level 7.8 Fighting
 + Level 4.1 Short Blades
 + Level 4.1 Long Blades
 + Level 6.2 Axes
 + Level 4.1 Maces & Flails
 + Level 4.1 Polearms
 + Level 4.1 Staves
 + Level 4.1 Slings
 + Level 4.1 Bows
 + Level 4.1 Crossbows
 + Level 4.1 Throwing
 + Level 4.1 Armour
 + Level 6.2 Dodging
 + Level 10.4 Stealth
 + Level 4.1 Shields
 + Level 4.1 Unarmed Combat
 + Level 4.1 Spellcasting
 + Level 3.4 Conjurations
 + Level 3.4 Hexes
 + Level 3.4 Summonings
 + Level 3.4 Necromancy
 + Level 3.4 Translocations
 + Level 3.4 Transmutations
 + Level 3.4 Fire Magic
 + Level 3.4 Ice Magic
 + Level 3.4 Air Magic
 + Level 3.4 Earth Magic
 + Level 3.4 Poison Magic
 + Level 4.5 Invocations
 + Level 4.1 Evocations


You had 15 spell levels left.
You knew the following spells:

 Your Spells              Type           Power      Damage    Failure   Level
a - Slow                  Hex            40%        N/A       77%         1

Your spell library contained the following spells:

 Spells                   Type           Power      Damage    Failure   Level
 Static Discharge         Conj/Air       10%        N/A       88%         2
 Sublimation of Blood     Necr           10%        N/A       88%         2
 Confusing Touch          Hex            10%        N/A       98%         3
 Vampiric Draining        Necr           10%        2d6       98%         3
 Dispel Undead            Necr           10%        3d9       100%        4
 Petrify                  Tmut/Erth      10%        N/A       100%        4
 Sticky Flame             Conj/Fire      10%        2d3       100%        4
 Irradiate                Conj/Tmut      5%         3d15      100%        5


Dungeon Overview and Level Annotations

Branches:
Dungeon (8/15)             Temple (1/1) D:5            Lair (1/6) D:8

Altars:
Ashenzari
Gozag
Hepliaklqana
Qazlal
Sif Muna
Vehumet
Wu Jian
Xom
Zin

Shops:
D:4 =


Innate Abilities, Weirdness & Mutations

You have very sharp teeth.
Your uncanny sense of smell can sniff out nearby items.
Your experience applies equally to all skills.


Message History

The cane toad is moderately wounded.
The cane toad stings you.
The cane toad stings you but does no damage.
You hit the cane toad but do no damage. You punch the cane toad.
The cane toad is moderately wounded.
The cane toad stings you but does no damage.
You hit the cane toad but do no damage.
The cane toad is moderately wounded.
The cane toad barely misses you.
You hit the cane toad.
The cane toad is heavily wounded.
The cane toad barely misses you. The cane toad stings you.
You are poisoned.
The cane toad poisons you!
You hit the cane toad.
The cane toad is heavily wounded.
You feel very sick. The cane toad stings you!
You are more poisoned.
The cane toad poisons you!
You hit the cane toad.
The cane toad is heavily wounded.
You feel extremely sick. The cane toad barely misses you.
You hit the cane toad but do no damage.
The cane toad is heavily wounded.
You feel extremely sick. The cane toad stings you.
The cane toad closely misses you.
You hit the cane toad but do no damage.
The cane toad is heavily wounded.
* * * LOW HITPOINT WARNING * * *
You feel very sick. The cane toad stings you!
* * * LOW HITPOINT WARNING * * *
You are more poisoned.
The cane toad poisons you!
It was a potion of might.
You feel very mighty all of a sudden.
You die...
Your body crumbles into a pile of gold.

### ........... ##.#
#.......... #..## #..........
#P..## ##...................
##...## #P...................
#P....## #...................
#......## #.....[..#..........
##......###..@F...............
#.......#..........##...?....
#..................##........
#......#..#........###.......
#......#...........##.......$
#....................#Y#..#..
#..................##.##### #
#.........!...........#
#....$.....##........######


You could see a cane toad.

Vanquished Creatures
  Sigmund (D:2)
  A water moccasin (D:6)
  2 black bears
  A hornet zombie (D:6)
  An ice beast (D:5)
  A necrophage (D:6)
  An ogre (Temple)
  A phantom (D:2)
  2 kobold brigands
  A scorpion (D:5)
  5 wights
  A bullfrog skeleton (D:5)
  2 centaur skeletons
  2 hounds (D:6)
  A jelly (D:7)
  2 orc priests (D:6)
  Jessica (D:2)
  A gnoll shaman (D:6)
  Natasha (thrice) (D:3 D:2)
  4 iguanas
  3 orc wizards
  Robin (D:2)
  A howler monkey zombie (D:6)
  2 howler monkey skeletons
  9 gnolls
  10 adders
  2 white imps
  An adder skeleton (D:4)
  A worm (D:3)
  2 dart slugs
  16 orcs
  9 bats
  9 endoplasms
  2 giant cockroaches (D:1)
  12 goblins
  8 hobgoblins
  11 kobolds
  2 quokkas
  8 ball pythons
  2 frilled lizards (D:1)
  4 rats
149 creatures vanquished.

Vanquished Creatures (others)
  3 plants (Lair:1)
3 creatures vanquished.

Grand Total: 152 creatures vanquished

Notes
Turn   | Place    | Note
-------+----------+-------------------------------------------
     0 | D:5      | Reached skill level 9 in Stealth
     0 | D:5      | croobank the Gnoll Delver began the quest for the Orb.
     0 | D:5      | Reached XP level 1. HP: 23/23 MP: 1/1
   206 | D:4      | Noticed a two-headed ogre
   384 | D:4      | Reached XP level 2. HP: 11/29 MP: 2/2
   694 | D:3      | Reached XP level 3. HP: 31/35 MP: 3/3
   731 | D:2      | Found a hazy altar of Hepliaklqana.
   742 | D:2      | Reached skill level 1 in Invocations
   763 | D:2      | Noticed Robin
   787 | D:1      | Reached skill level 1 in Short Blades
   787 | D:1      | Reached skill level 1 in Long Blades
   787 | D:1      | Reached skill level 1 in Maces & Flails
   787 | D:1      | Reached skill level 1 in Polearms
   787 | D:1      | Reached skill level 1 in Staves
   787 | D:1      | Reached skill level 1 in Slings
   787 | D:1      | Reached skill level 1 in Bows
   787 | D:1      | Reached skill level 1 in Crossbows
   787 | D:1      | Reached skill level 1 in Throwing
   787 | D:1      | Reached skill level 1 in Armour
   787 | D:1      | Reached skill level 1 in Shields
   787 | D:1      | Reached skill level 1 in Unarmed Combat
   787 | D:1      | Reached skill level 1 in Spellcasting
   787 | D:1      | Reached skill level 1 in Evocations
   917 | D:1      | Reached XP level 4. HP: 35/41 MP: 5/5
  1385 | D:1      | Found a faded altar of an unknown god.
  1385 | D:1      | Noticed a blizzard demon
  1756 | D:1      | Reached skill level 1 in Conjurations
  1756 | D:1      | Reached skill level 1 in Hexes
  1756 | D:1      | Reached skill level 1 in Summonings
  1756 | D:1      | Reached skill level 1 in Necromancy
  1756 | D:1      | Reached skill level 1 in Translocations
  1756 | D:1      | Reached skill level 1 in Transmutations
  1756 | D:1      | Reached skill level 1 in Fire Magic
  1756 | D:1      | Reached skill level 1 in Ice Magic
  1756 | D:1      | Reached skill level 1 in Air Magic
  1756 | D:1      | Reached skill level 1 in Earth Magic
  1756 | D:1      | Reached skill level 1 in Poison Magic
  2009 | D:2      | Killed Robin
  2186 | D:2      | Reached XP level 5. HP: 39/47 MP: 6/6
  2267 | D:2      | Noticed Sigmund
  2276 | D:2      | Killed Sigmund
  2277 | D:2      | Reached XP level 6. HP: 39/53 MP: 6/8
  2446 | D:2      | Noticed Jessica
  2448 | D:2      | Killed Jessica
  2449 | D:2      | Reached skill level 5 in Axes
  2449 | D:2      | Reached skill level 5 in Dodging
  2920 | D:3      | Noticed Natasha
  2926 | D:3      | Killed Natasha
  2928 | D:3      | Noticed Natasha
  2938 | D:3      | Killed Natasha
  3164 | D:3      | Noticed Natasha
  3192 | D:2      | Reached XP level 7. HP: 47/59 MP: 10/10
  3214 | D:2      | Killed Natasha
  3644 | D:4      | Found Gapiosu's Jewellery Shop.
  3699 | D:4      | You fall into a shaft and drop 2 floors!
  4036 | D:6      | Reached skill level 10 in Stealth
  4616 | D:5      | Reached XP level 8. HP: 53/67 MP: 12/12
  4770 | D:5      | Found a staircase to the Ecumenical Temple.
  4802 | Temple   | Entered the Ecumenical Temple
  5091 | Temple   | Became a worshipper of Gozag Ym Sagoz the Greedy
  6182 | D:5      | Found a large runed translucent door.
  6182 | D:5      | Found a large runed translucent door.
  6182 | D:5      | Found a shimmering altar of Xom.
  7254 | D:6      | Reached XP level 9. HP: 51/73 MP: 14/14
  8069 | D:7      | Learned a level 1 spell: Slow
  8238 | D:7      | Identified the +3 barding of Going Fast {rElec rF- Regen+
                  | rCorr}
  8367 | D:8      | Noticed a death yak
  8398 | D:8      | Found a staircase to the Lair.
  8398 | D:8      | Noticed a death yak
  8400 | D:8      | Noticed a death yak
  8413 | Lair:1   | Entered Level 1 of the Lair of Beasts
  9044 | Lair:1   | Noticed a cane toad
  9058 | Lair:1   | Succumbed to a cane toad's poison

Illustrated notes

Levels and vault maps discovered:
D:1:      saegor_arrival_simple_e, layout_loops_cross,
          dreamdust_ecumenical_altar_sealed_demon
D:2:      layout_rooms, basic_altar, minmay_misc_feat_room, uniq_robin,
          uniq_sigmund, uniq_jessica
D:3:      layout_rooms, serial_rivers, chequers_serial_rivers_small_3,
          chequers_serial_rivers_micro_d, chequers_serial_rivers_micro_b,
          chequers_serial_rivers_micro_c, uniq_natasha
D:4:      layout_basic, serial_shops, nicolae_lakefront_shop, hex_tiny
D:5:      due_chaos_kobolds, layout_rooms, minmay_temple_entry_overgrown,
          minmay_misc_feat_tiny, kennysheep_decorative_pillar, minmay_checkerbox
D:6:      layout_basic, st_stairs_13, wad_floor_pattern_2
D:7:      layout_cave_pools
D:8:      layout_layer_cave, nicolae_overflow_hallway_of_the_gods,
          dpeg_lair_monsters, enter_bailey_4, corexii_leaking_fountain
Temple:   eino_temple_rhombus
Lair:1:   layout_cave_pods, basic_altar, serial_bayou_lake_a

Skill      XL: |  1  2  3  4  5  6  7  8  9 |
---------------+----------------------------+-----
Stealth        | 10 | 10.4
Invocations    | 1 2 3 4 |  4.5
Short Blades   | 1 2 3 4 |  4.1
Long Blades    | 1 2 3 4 |  4.1
Maces & Flails | 1 2 3 4 |  4.1
Polearms       | 1 2 3 4 |  4.1
Staves         | 1 2 3 4 |  4.1
Slings         | 1 2 3 4 |  4.1
Bows           | 1 2 3 4 |  4.1
Crossbows      | 1 2 3 4 |  4.1
Throwing       | 1 2 3 4 |  4.1
Armour         | 1 2 3 4 |  4.1
Shields        | 1 2 3 4 |  4.1
Unarmed Combat | 1 2 3 4 |  4.1
Spellcasting   | 1 2 3 4 |  4.1
Evocations     | 1 2 3 4 |  4.1
Conjurations   | 1 2 3 |  3.4
Hexes          | 1 2 3 |  3.4
Summonings     | 1 2 3 |  3.4
Necromancy     | 1 2 3 |  3.4
Translocations | 1 2 3 |  3.4
Transmutations | 1 2 3 |  3.4
Fire Magic     | 1 2 3 |  3.4
Ice Magic      | 1 2 3 |  3.4
Air Magic      | 1 2 3 |  3.4
Earth Magic    | 1 2 3 |  3.4
Poison Magic   | 1 2 3 |  3.4
Axes           | 5 6 |  6.2
Dodging        | 5 6 |  6.2
Fighting       | 7 |  7.8

Action                   |  1- 3 |  4- 6 |  7- 9 || total
-------------------------+-------+-------+-------++-------
Melee: Hand axe          |    57 |    74 |       ||   131
       Bite              |     5 |    13 |    38 ||    56
       Punch             |     1 |     5 |    18 ||    24
       Short sword       |       |    36 |       ||    36
       Club              |       |    71 |   336 ||   407
       War axe           |       |       |    46 ||    46
Throw: Throwing net      |       |       |     1 ||     1
Evoke: Wand              |       |       |    18 ||    18
  Use: Scroll            |     2 |     4 |     9 ||    15
       Potion            |       |     1 |     7 ||     8
 Stab: Sleeping          |     5 |     7 |       ||    12
       Distracted        |       |       |     1 ||     1
       Invisible         |       |       |     1 ||     1
       Held in net/web   |       |       |     1 ||     1
Armor: Ring mail         |    30 |     4 |       ||    34
       Chain mail        |       |   130 |   220 ||   350
Dodge: Dodged            |    46 |    80 |   166 ||   292
       Repelled          |       |       |     2 ||     2
